 Dungeon Crawl Stone Soup version 0.22.1-2-g9c5b331 (webtiles) character file.

191 aMcNicky the Cutter (level 6, 0/32 HPs)
             Began as a Kobold Enchanter on Nov 15, 2018.
             Was a Follower of Makhleb.
             Slain by a river rat (9 damage)
             ... in a sewer.
             The game lasted 00:22:17 (4525 turns).

aMcNicky the Cutter (Kobold Enchanter)              Turns: 4525, Time: 00:22:17

Health: 0/32       AC:  6    Str:  5    XL:     6   Next: 1%
Magic:  0/9        EV: 15    Int: 17    God:    Makhleb [*.....]
Gold:   104        SH:  0    Dex: 17    Spells: 6/9 levels left

rFire    + . .     SeeInvis .   a - +2 dagger
rCold    . . .     Gourm    .   (shield restricted)
rNeg     . . .     Faith    .   s - +0 leather armour
rPois    +         Spirit   .   (no helmet)
rElec    .         Reflect  .   m - +0 cloak (curse)
rCorr    .         Harm     .   (no gloves)
MR       .....                  e - +1 pair of boots
Stlth    +++.......             (no amulet)
HPRegen  0.10/turn              P - ring of poison resistance
MPRegen  0.11/turn              F - ring of protection from fire

@: no status effects
A: small, carnivore
a: Renounce Religion


You were in a sewer.
You worshipped Makhleb.
Makhleb was aware of your devotion.
You were very full.

You visited 1 branch of the dungeon, and saw 4 of its levels.
You also visited: Sewer.

You collected 104 gold pieces.

Inventory:

Hand Weapons
 a - a +2 dagger (weapon)
 b - a +0 hunting sling
 i - a +0 short sword
Missiles
 u - 44 stones (quivered)
Armour
 e - a +1 pair of boots (worn)
 m - a cursed +0 cloak (worn)
 s - a +0 leather armour (worn)
 t - a +0 robe
Jewellery
 F - a ring of protection from fire (right hand)
 P - a ring of poison resistance (left hand)
Wands
 r - a wand of random effects (21)
Scrolls
 k - a scroll of enchant weapon
 o - a scroll of noise {unknown}
 q - 2 scrolls of remove curse {@r2}
 v - 2 scrolls of identify {@r1}
Potions
 f - a potion of degeneration {unknown}
 g - a potion of curing {@q1}
 j - a potion of might {unknown}
 l - a potion of haste {unknown}
 n - a potion of cancellation {unknown}
 p - a potion of invisibility {unknown}
 w - a potion of flight {unknown}
Comestibles
 d - 6 rations {@e1}
 h - 6 chunks of flesh


   Skills:
 * Level 4.9 Short Blades
 + Level 3.9 Dodging
 - Level 4.0 Stealth
 - Level 2.1 Spellcasting
 + Level 3.6 Hexes
 + Level 1.7 Ice Magic


You had 6 spell levels left.
You knew the following spells:

 Your Spells              Type           Power        Failure   Level  Hunger
a - Corona                Hex            ##.....      7%          1    #......
b - Ensorcelled Hibernat  Hex/Ice        ##....       16%         2    ###....

Your spell library contained the following spells:

 Spells                   Type           Power        Failure   Level  Hunger
 Confuse                  Hex            ##......     22%         3    ###....
 Tukima's Dance           Hex            ##......     22%         3    ###....
 Dazzling Spray           Conj/Hex       #.....       41%         3    ###....


Dungeon Overview and Level Annotations

Branches:
Dungeon (4/15)             Temple (0/1) D:4

Altars:
Cheibriados
Gozag
Kikubaaqudgha
Makhleb
Qazlal
Uskayaw
Vehumet
Zin

Annotations:
D:2 exclusion: ice beast
D:4 1 transporter, exclusion: worker ant


Innate Abilities, Weirdness & Mutations

You are small and have problems with some larger weapons.
You are carnivorous and can eat meat at any time.


Message History

The river rat is heavily wounded.
The river rat barely misses you.
Your leather armour prevents you from hitting the river rat.
The river rat is heavily wounded.
You hit the river rat but do no damage.
The river rat is heavily wounded.
The river rat closely misses you.
You closely miss the river rat.
The river rat is heavily wounded.
The river rat closely misses you.
Casting: Corona (safe; 7% risk of failure)
Confirm with . or Enter, or press ? or * to list all spells.
Aiming: Corona (safe; 7% risk of failure)
Press: ? - help, Shift-Dir - straight line, f - river rat
Aim: a river rat (heavily wounded, chance to defeat MR: 60%)
The river rat is outlined in light.
The river rat misses you.
You hit the river rat.
The river rat is heavily wounded.
The river rat bites you!
You die...

#≈#
#≈#
#≈#
#.#
#.#
#r#
#r#
#@#
#.#
#∩#
#.#
#∩#
#.#
#.#
#.#
#.#


You could see a river rat and a rat.

Vanquished Creatures
  A howler monkey (D:4)
  Ijyb (D:3)
  Robin (D:2)
  A river rat (Sewer)
  3 adders
  A worm (D:2)
  A dart slug (D:2)
  3 leopard geckos
  An orc (D:3)
  3 ball pythons
  A giant cockroach (D:1)
  14 goblins
  7 hobgoblins
  6 jackals
  A quokka (D:2)
  4 bats
  4 frilled lizards
  10 kobolds
  9 rats
72 creatures vanquished.

Notes
Turn   | Place    | Note
-------+----------+-------------------------------------------
     0 | D:1      | aMcNicky the Kobold Enchanter began the quest for the Orb.
     0 | D:1      | Reached XP level 1. HP: 10/10 MP: 3/3
   287 | D:1      | Reached XP level 2. HP: 15/15 MP: 5/5
   307 | D:1      | Learned a level 2 spell: Ensorcelled Hibernation
  1352 | D:1      | Reached XP level 3. HP: 13/19 MP: 0/6
  1925 | D:2      | Found a radiant altar of Vehumet.
  1925 | D:2      | Found a burning altar of Makhleb.
  1933 | D:2      | Became a worshipper of Makhleb the Destroyer
  2150 | D:2      | Found an ancient bone altar of Kikubaaqudgha.
  2168 | D:2      | Found an opulent altar of Gozag.
  2171 | D:2      | Found a glowing silver altar of Zin.
  2171 | D:2      | Noticed Robin
  2360 | D:2      | Killed Robin
  2360 | D:2      | Reached XP level 4. HP: 21/24 MP: 0/7
  2386 | D:2      | Reached * piety under Makhleb
  2482 | D:2      | Found a snail-covered altar of Cheibriados.
  2571 | D:1      | Reached skill level 1 in Ice Magic
  2720 | D:2      | Noticed an ice beast
  3374 | D:2      | Reached XP level 5. HP: 28/28 MP: 3/8
  3420 | D:2      | Found a stormy altar of Qazlal.
  3582 | D:3      | Noticed Ijyb
  3601 | D:3      | Killed Ijyb
  3936 | D:3      | Found a hide-covered altar of Uskayaw.
  4269 | D:4      | Found a transporter.
  4393 | D:4      | Found a staircase to the Ecumenical Temple.
  4448 | D:4      | Found a glowing drain.
  4475 | Sewer    | Entered a sewer
  4511 | Sewer    | Reached XP level 6. HP: 13/32 MP: 0/9
  4525 | Sewer    | Slain by a river rat

Skill      XL: |  1  2  3  4 |
---------------+-------------+-----
Short Blades   | 2 3 4 |  4.9
Dodging        | 3 |  3.9
Ice Magic      | 1 |  1.7
Stealth        | |  4.0
Spellcasting   | |  2.1
Hexes          | |  3.6

Action                   |  1- 3 |  4- 6 || total
-------------------------+-------+-------++-------
Melee: Dagger            |   138 |   144 ||   282
 Cast: Corona            |    15 |     8 ||    23
       Ensorcelled Hiber |    19 |    25 ||    44
  Use: Scroll            |     3 |     2 ||     5
       Potion            |       |     4 ||     4
 Stab: Sleeping          |    19 |    11 ||    30
  Eat: Chunk             |    14 |     9 ||    23
Armor: Robe              |    23 |    10 ||    33
       Leather armour    |       |    15 ||    15
Dodge: Dodged            |    94 |   117 ||   211
